 Dungeon Crawl Stone Soup version 0.26-a0-597-gb535b0901c (webtiles) character file.

Game seed: 14083364117183572349

7441 Lugonue the Grappler (level 10, -10/75 HPs)
             Began as a Demigod Transmuter on Sept 9, 2020.
             Mangled by a two-headed ogre
             ... wielding a +0 giant club
              (23 damage)
             ... on level 10 of the Dungeon on Sept 10, 2020.
             The game lasted 00:26:57 (16984 turns).

Lugonue the Grappler (Demigod Transmuter)          Turns: 16984, Time: 00:26:58

Health: -10/75     AC:  5    Str: 23    XL:     10   Next: 62%
Magic:  21/21      EV: 13    Int: 19    God:
Gold:   1388       SH:  0    Dex: 16    Spells: 9/19 levels left

rFire    . . .     SeeInvis .   B - +12 glaive of Prune {vorpal}
rCold    . . .     Faith    .   (shield currently unavailable)
rNeg     . . .     Spirit   .   F - +0 ring mail
rPois    .         Reflect  .   H - +0 hat
rElec    .         Harm     .   x - scarf {repulsion}
rCorr    .                      (no gloves)
MR       +....                  (no boots)
Stlth    +++.......             (no amulet)
HPRegen  0.22/turn              k - +6 ring of strength
MPRegen  0.17/turn              p - ring of stealth

@: drained, repel missiles
A: high mp 1
a: no special abilities


You were on level 10 of the Dungeon.
You visited 2 branches of the dungeon, and saw 11 of its levels.

You collected 1388 gold pieces.

Inventory:

Hand Weapons
 w - the +6 quarterstaff of Naopuddoedi {vorpal, MR+ MP+9 Str+4 Dex+2}
   (You found it on level 7 of the Dungeon)

   It inflicts extra damage upon your enemies.
   It affects your strength (+4).
   It affects your dexterity (+2).
   It affects your resistance to hostile enchantments.
   It affects your magic capacity (+9).
 B - the +12 glaive of Prune (weapon) {vorpal}
   (You found it on level 8 of the Dungeon)

   It inflicts extra damage upon your enemies.
 N - a +1 glaive of flaming
Missiles
 l - 26 poisoned darts (quivered)
 m - a throwing net
Armour
 a - a +1 robe
 s - a cursed +0 kite shield
 x - a scarf of repulsion (worn)
 F - a +0 ring mail (worn)
 H - a +0 hat (worn)
 O - a +0 plate armour
Jewellery
 d - an uncursed ring of see invisible
 k - a +6 ring of strength (left hand)
 p - a ring of stealth (right hand)
 u - an uncursed ring of protection from cold
 D - a cursed -4 ring of slaying {unknown}
 K - a +6 ring of dexterity {unknown}
 Q - an uncursed ring of poison resistance {unknown}
Wands
 g - a wand of enslavement (7)
 n - a wand of flame (4)
 t - a wand of iceblast (25)
 y - a wand of disintegration (12)
Scrolls
 c - 7 scrolls of teleportation
 v - 4 scrolls of remove curse
 z - a scroll of magic mapping
 C - a scroll of enchant weapon {unknown}
 E - a scroll of fog {unknown}
 G - a scroll of holy word
 M - a scroll of identify
 P - a scroll of silence {unknown}
Potions
 b - 2 potions of berserk rage
 e - 2 potions of curing
 f - a potion of mutation
 h - 2 potions of stabbing
 i - 3 potions of ambrosia
 j - 4 potions of flight
 o - a potion of invisibility
 q - 2 potions of haste
 r - a potion of cancellation {unknown}
 A - a potion of lignification {unknown}
 I - 2 potions of heal wounds {unknown}
 J - a potion of brilliance {unknown}
Miscellaneous
 L - a phial of floods (inert)


   Skills:
 + Level 2.8(1.7) Fighting
 * Level 7.8(6.6) Polearms
 - Level 0.7(0.0) Throwing
 * Level 1.0(0.0) Armour
 - Level 5.4(4.3) Dodging
 - Level 3.7(2.6) Stealth
 - Level 8.5(7.2) Unarmed Combat
 - Level 5.0(3.9) Spellcasting
 - Level 2.2(1.1) Conjurations
 - Level 4.5(3.4) Transmutations
 - Level 2.7(1.7) Poison Magic
 - Level 0.6(0.0) Evocations


You had 9 spell levels left.
You knew the following spells:

 Your Spells              Type           Power        Failure   Level
a - Beastly Appendage     Tmut           ###...       5%          1
b - Spider Form           Tmut/Pois      ##........   24%         3
c - Ice Form              Ice/Tmut       ##......     73%         4
d - Searing Ray           Conj           #.....       22%         2

Your spell library contained the following spells:

 Spells                   Type           Power        Failure   Level
 Wereblood                Tmut           ###.....     9%          2
 Magic Dart               Conj           #...         14%         1
 Dazzling Flash           Conj/Hex       #.....       47%         3
 Blade Hands              Tmut           ###.......   83%         5
 Fulminant Prism          Conj/Hex       #.........   87%         4
 Iskenderun's Mystic Bla  Conj/Tloc      #.......     87%         4


Dungeon Overview and Level Annotations

Branches:
Dungeon (10/15)            Temple (1/1) D:7
   Lair: D:8-11         Orc: D:9-12

Annotations:
D:7 5 runed translucent doors
D:9 3 runed translucent doors, Fingolfin's ghost, novice TrMo
D:10 Josephine


Innate Abilities, Weirdness & Mutations

You have an increased reservoir of magic. (+10% MP)


Message History

The torrent of water hits the two-headed ogre!
The two-headed ogre is moderately wounded.
The two-headed ogre is knocked back by the torrent of water.
The wave splashes down.
The two-headed ogre is engulfed in water.
There is an open door here.
You slash the two-headed ogre!
The two-headed ogre is heavily wounded.
The two-headed ogre hits you with a +0 giant club!!
The two-headed ogre barely misses you.
You barely miss the two-headed ogre.
The two-headed ogre is heavily wounded.
The two-headed ogre hits you with a +0 giant club! x2
You are too injured to fight recklessly!
You slice the two-headed ogre!!
The two-headed ogre is almost dead.
The two-headed ogre hits you with a +0 giant club!
* * * LOW HITPOINT WARNING * * *
The two-headed ogre hits you with a +0 giant club!!
You die...

#....[.>.###........##.
#.....)[.# #........#..
#......<.# #..........#
######'### #.>......###
###..# ######†.##
#...## #.## ##'### S..<
#....#### #.....
#....@O≈# #......
#....##≈≈≈...+......#
#....# ##### ....#
#....# #....# ######


You could see a two-headed ogre (waterlogged).

Vanquished Creatures
  A two-headed ogre (D:9)
  Pikel (D:4)
  Grinder (D:5)
  2 hippogriffs
  A wraith (D:10)
  4 yaks (D:9)
  2 wyverns (D:9)
  A warg (D:10)
  Duvessa (D:6)
  2 sky beasts
  2 black bears
  3 necrophages
  3 orc warriors
  An ice beast (D:5)
  7 ogres
  2 phantoms
  A centaur (D:9)
  A crocodile (D:9)
  Blork the orc (D:6)
  3 bullfrogs
  Dowan (D:6)
  A scorpion (D:5)
  6 killer bees
  15 wights
  A howler monkey (D:9)
  3 electric eels (D:8)
  A quasit (D:9)
  3 hounds
  2 jellies
  A gnoll shaman (D:6)
  2 orc priests
  8 orc wizards
  4 iguanas
  6 worker ants
  3 hound skeletons
  16 adders
  17 gnolls
  A shadow imp (D:10)
  A white imp (D:9)
  3 ufetubi
  An ooze (D:3)
  An adder zombie (D:6)
  An adder skeleton (D:9)
  3 dart slugs
  8 leopard geckos
  33 orcs
  9 giant cockroaches
  2 gnoll zombies (D:4)
  15 goblins
  7 hobgoblins
  9 jackals
  11 kobolds
  3 quokkas
  4 ball pythons
  10 bats
  3 frilled lizards
  A giant cockroach zombie (D:5)
  A jackal skeleton (D:4)
  A leopard gecko skeleton (D:4)
  7 rats
265 creatures vanquished.

Vanquished Creatures (others)
  A yak (D:10)
  20 plants
21 creatures vanquished.

Grand Total: 286 creatures vanquished

Notes
Turn   | Place    | Note
-------+----------+-------------------------------------------
     0 | D:1      | Lugonue the Demigod Transmuter began the quest for the Orb.
     0 | D:1      | Reached XP level 1. HP: 15/15 MP: 5/5
   324 | D:1      | Reached XP level 2. HP: 20/22 MP: 7/7
   734 | D:1      | Reached skill level 3 in Unarmed Combat
  1111 | D:2      | Reached XP level 3. HP: 21/27 MP: 6/8
  2410 | D:2      | Reached XP level 4. HP: 29/34 MP: 9/9
  2759 | D:2      | Learned a level 3 spell: Spider Form
  3189 | D:3      | Reached skill level 4 in Unarmed Combat
  3498 | D:3      | Reached XP level 5. HP: 37/39 MP: 9/11
  3667 | D:3      | Found a glowing silver altar of Zin.
  3981 | D:3      | Noticed an ogre
  3997 | D:3      | Killed an ogre
  3997 | D:3      | Reached skill level 1 in Fighting
  3997 | D:3      | Reached skill level 1 in Stealth
  4300 | D:3      | Noticed an ogre
  4312 | D:3      | Killed an ogre
  4312 | D:3      | Reached XP level 6. HP: 40/47 MP: 7/13
  4367 | D:3      | Found a snail-covered altar of Cheibriados.
  4367 | D:3      | Found a shimmering altar of Xom.
  5467 | D:4      | Reached skill level 5 in Unarmed Combat
  5618 | D:4      | Noticed Pikel
  5634 | D:4      | Killed Pikel
  5634 | D:4      | Reached skill level 1 in Poison Magic
  5634 | D:4      | Reached XP level 7. HP: 41/52 MP: 11/15
  6157 | D:4      | Reached skill level 6 in Unarmed Combat
  6362 | D:4      | Found a basalt altar of Yredelemnul.
  6621 | D:5      | Entered Level 5 of the Dungeon
  6622 | D:5      | Noticed Grinder
  6646 | D:5      | Paralysed by Grinder for 3 turns
  6650 | D:5      | Killed Grinder
  6650 | D:5      | Reached XP level 8. HP: 19/60 MP: 12/17
  6935 | D:5      | Found a bloodstained altar of Trog.
  6936 | D:5      | Found an iron altar of Okawaru.
  6954 | D:5      | Learned a level 4 spell: Ice Form
  6983 | D:5      | Learned a level 2 spell: Searing Ray
  6985 | D:5      | Noticed a hippogriff
  7004 | D:5      | Killed a hippogriff
  7382 | D:5      | Reached skill level 7 in Unarmed Combat
  8574 | D:6      | Found a sparkling altar of Nemelex Xobeh.
  8650 | D:6      | Reached skill level 1 in Conjurations
  8666 | D:6      | Noticed Blork the orc
  8679 | D:6      | Killed Blork the orc
  8734 | D:6      | HP: 4/91 [orc warrior/+0 trident (17)]
  8735 | D:6      | Reached XP level 9. HP: 5/67 MP: 15/19
  9248 | D:6      | Noticed Dowan
  9250 | D:6      | Noticed Duvessa
  9279 | D:6      | Killed Duvessa
  9294 | D:6      | Killed Dowan
  9569 | D:6      | Reached skill level 5 in Dodging
 10155 | D:7      | Identified a scroll of acquirement
 10155 | D:7      | Acquired 750 gold pieces
 10199 | D:7      | Reached skill level 8 in Unarmed Combat
 10441 | D:7      | Found a staircase to the Ecumenical Temple.
 10453 | Temple   | Entered the Ecumenical Temple
 11020 | D:7      | Found the +9 staff of Olgreb {rPois∞}
 11022 | D:7      | Found a runed translucent door.
 11035 | D:7      | Found a runed translucent gate.
 11035 | D:7      | Found a runed translucent gate.
 11036 | D:7      | Found a runed translucent door.
 11056 | D:7      | Found a runed translucent gate.
 11267 | D:7      | Found a shattered altar of Ashenzari.
 11325 | D:7      | Got a translucent quarterstaff
 11326 | D:7      | Identified the +6 quarterstaff of Naopuddoedi {vorpal, MR+
                  | MP+9 Str+4 Dex+2} (You found it on level 7 of the Dungeon)
 11876 | D:8      | Found the +12 glaive of Prune {vorpal}
 11884 | D:8      | Found a blossoming altar of Fedhas.
 12051 | D:8      | Reached skill level 5 in Spellcasting
 12234 | D:8      | Reached skill level 1 in Polearms
 13807 | D:9      | Reached XP level 10. HP: 29/74 MP: 21/21
 14010 | D:9      | Found a glowing golden altar of the Shining One.
 14303 | D:9      | Reached skill level 5 in Polearms
 14606 | D:9      | Found a runed translucent gate.
 14608 | D:9      | Found a runed translucent gate.
 14608 | D:9      | Noticed Fingolfin's ghost (novice TrMo)
 14623 | D:9      | Found a runed translucent gate.
 14833 | D:9      | Noticed a two-headed ogre
 14834 | D:9      | Found an opulent altar of Gozag.
 14837 | D:9      | Killed a two-headed ogre
 15379 | D:10     | Entered Level 10 of the Dungeon
 15458 | D:10     | Noticed Josephine
 16657 | D:10     | Reached skill level 1 in Armour
 16979 | D:10     | Noticed a two-headed ogre
 16984 | D:10     | Mangled by a two-headed ogre

Illustrated notes

Levels and vault maps discovered:
D:1:      sevenhm_arrival_forest_fort_large_4, layout_basic,
          minmay_tree_intersection, minmay_pentomino_o4
D:2:      wad_river_or_something, layout_basic
D:3:      layout_loops_ring, zin_scriptorium, amethyst_overflow_temple_binary,
          minmay_ogre_servants
D:4:      layout_basic, lemuel_zombie_altar_yredelemnul, uniq_pikel
D:5:      layout_basic, grunt_temple_overflow_bloody_war, uniq_grinder
D:6:      layout_cave_pods, nemelex_xobeh_ov_fountains_minmay, uniq_duvessa,
          uniq_blork_the_orc
D:7:      layout_basic, kennysheep_mini, minmay_temple_entry_ruins,
          enter_bailey_7, minmay_guarded_unrand_staff_of_olgreb
D:8:      layout_rooms, fedhas_ov_isle_minmay, serial_bayou,
          serial_bayou_ford_a, serial_bayou_shore_b, serial_bayou_pond_c,
          serial_bayou_shore_b, serial_bayou_lagoon_b, serial_bayou_shore_b,
          item_on_display_a
D:9:      layout_roguey, tso_altar, ebering_ghost_rock_garden,
          minmay_ruined_shrine
D:10:     layout_roguey [special_room_orc], erik_lair_orcish_takeover,
          uniq_josephine
Temple:   nicolae_temple_x_marks_the_god

Skill      XL: |  1  2  3  4  5  6  7  8  9 10 |
---------------+-------------------------------+-----
Dodging        | 2 3 4 5 |  5.4
Transmutations | 2 3 4 |  4.5
Unarmed Combat | 3 4 5 6 7 8 |  8.5
Spellcasting   | 2 3 4 5 |  5.0
Fighting       | 1 2 |  2.8
Stealth        | 1 2 3 |  3.7
Poison Magic   | 1 2 |  2.7
Conjurations   | 2 |  2.2
Polearms       | 3 7 |  7.8
Armour         | 1 |  1.0
Throwing       | |  0.7
Evocations     | |  0.6

Action                   |  1- 3 |  4- 6 |  7- 9 | 10-12 || total
-------------------------+-------+-------+-------+-------++-------
Melee: Unarmed           |   161 |   170 |   224 |       ||   555
       Kick              |     6 |    15 |    18 |       ||    39
       Punch             |     1 |     3 |     4 |       ||     8
       Headbutt          |     3 |    10 |    12 |       ||    25
       Glaive            |       |       |    59 |   124 ||   183
       Quarterstaff      |       |       |    13 |       ||    13
Throw: Dart              |     3 |       |     1 |       ||     4
 Cast: Beastly Appendage |     7 |     9 |    11 |       ||    27
       Spider Form       |       |     7 |    20 |       ||    27
       Searing Ray       |       |       |    25 |       ||    25
 Abil: End Transformatio |       |       |     1 |       ||     1
Evoke: Wand              |       |       |    13 |     8 ||    21
       Phial of floods   |       |       |       |     1 ||     1
  Use: Scroll            |       |       |    20 |     2 ||    22
       Potion            |       |       |     3 |     2 ||     5
 Stab: Sleeping          |     1 |     5 |     9 |     5 ||    20
       Distracted        |       |       |     1 |     1 ||     2
Armor: Robe              |    26 |    19 |    22 |     3 ||    70
       Skin              |       |     1 |     6 |       ||     7
       Ring mail         |       |       |       |    20 ||    20
Dodge: Dodged            |   126 |   105 |   276 |   110 ||   617
       Repelled          |       |       |     1 |       ||     1

Table legend: (Time is in decaauts)
 A = Elapsed time spent in this place.
 B = Non-inter-level travel time spent in this place.
 C = Inter-level travel time spent in this place.
 D = Time resting spent in this place.
 E = Time spent auto-exploring this place.
 F = Levels seen in this place.
 G = Mean time per level.
                   A        B        C        D        E       F      G
               +--------+--------+--------+--------+--------+-----+--------+
         Total |  17079 |  16070 |   1009 |   3257 |  10350 |  11 | 1552.6 |
       Dungeon |  16940 |  15931 |   1009 |   3125 |  10350 |  10 | 1694.0 |
        Temple |    138 |    138 |      0 |    132 |      0 |   1 |  138.0 |
               +--------+--------+--------+--------+--------+-----+--------+

Top non-repeatable levels by time:
     D:9: 2420 daAuts
     D:2: 2255 daAuts
     D:6: 1967 daAuts
     D:3: 1765 daAuts
     D:5: 1739 daAuts
     D:7: 1715 daAuts
     D:8: 1529 daAuts
     D:4: 1476 daAuts
     D:1: 1099 daAuts
    D:10: 971 daAuts
  Temple: 138 daAuts
